 Dungeon Crawl Stone Soup version 0.31.0-9-g3a7656b989 (webtiles) character file.

Game seed: 16521427778678578793

258 Arcadio the Trooper (level 6, 0/49 HPs)
             Began as a Human Monk on Jan 24, 2024.
             Was a Priest of Zin.
             Slain by a mummy (14 damage)
             ... in an ossuary.
             The game lasted 00:04:57 (1993 turns).

Arcadio the Trooper (Human Monk)                    Turns: 1993, Time: 00:04:58

Health: 0/49       AC:  6    Str: 11    XL:     6   Next: 16%
Magic:  6/6        EV: 11    Int: 10    God:    Zin [***...]
Gold:   33         SH:  0    Dex: 24    Spells: 5/5 levels left

rFire   . . .        a - +1 falchion
rCold   . . .        d - orb {light}
rNeg    . . .        e - +0 scale mail
rPois   .            (no helmet)
rElec   .            (no cloak)
rCorr   .            (no gloves)
SInv    .            (no boots)
Will    .....        l - amulet of regeneration Stlth
                     m - +6 ring of dexterity
HPRegen 1.08/turn    (no ring)
MPRegen 0.10/turn

%: no passive effects
@: confused, ambrosia-drunk, on recite cooldown, glowing
A: explore regen
a: Renounce Religion, Recite, Vitalisation, Imprison, Donate Gold


You were in an ossuary.
You worshipped Zin.
Zin was most pleased with you.
You visited 1 branch of the dungeon, and saw 4 of its levels.
You also visited: Ossuary.

You collected 195 gold pieces.
You spent 143 gold pieces at shops.
You donated 19 gold pieces to Zin.

Inventory:

Hand Weapons
 a - a +1 falchion (weapon)
Armour
 b - a +0 robe
 d - an orb of light (worn)
 e - a +0 scale mail (worn)
 s - a +0 chain mail
Jewellery
 l - an amulet of regeneration (around neck)
 m - a +6 ring of dexterity (left hand)
Scrolls
 g - a scroll of blinking
 j - 3 scrolls of enchant weapon
 n - a scroll of immolation {unknown}
 q - a scroll of noise {unknown}
 v - 5 scrolls of teleportation
 w - a scroll of amnesia {unknown}
Potions
 c - a potion of ambrosia
 f - a potion of invisibility {unknown}
 h - 2 potions of brilliance {unknown}
 i - a potion of degeneration {unknown}
 k - 2 potions of mutation
 o - 2 potions of curing {unknown}
 p - a potion of heal wounds {unknown}
 t - a potion of experience {unknown}
 u - a potion of berserk rage {unknown}
 x - a potion of might {unknown}


   Skills:
 + Level 4.6 Fighting
 + Level 4.5 Long Blades
 - Level 0.2 Armour
 + Level 4.5 Dodging


You had 5 spell levels left.
You didn't know any spells.
Your spell library contained the following spells:

 Spells                   Type           Power      Damage    Failure   Level
 Inner Flame              Hex/Fire       0%         N/A       100%        3
 Flame Wave               Conj/Fire      0%         2d4       100%        4
 Sticky Flame             Fire/Alch      0%         2d4       100%        4


Dungeon Overview and Level Annotations

Branches:
Dungeon (4/15)            Ossuary (1/1)
 Temple: D:4-7

Altars:
Dithmenos
Elyvilon
Zin

Shops:
D:2 (   D:3 ?*


Innate Abilities, Weirdness & Mutations

You regain HP and MP as you explore.


Message History

You slash the mummy!
You destroy the mummy!
Zin accepts your kill.
You slash the mummy!
The mummy is moderately damaged.
The orc zombie stops glowing.
The orc zombie closely misses you.
You hit the orc zombie.
The orc zombie is severely damaged.
The orc zombie closely misses you. The mummy hits you!
You hit the orc zombie.
You destroy the orc zombie!
Zin accepts your kill.
You are ready to recite again.
The mummy barely misses you.
Activating: Recite (8% risk of failure)
Press: ? - help, Dir - look around, f - activate You clear your throat and prepare to recite. "Zin spoke of the doctrine of purity, and..."
The mummy is limned with silver light.
The mummy is smitten by the wrath of Zin.
The mummy is severely damaged.
You hit the mummy.
The mummy is heavily damaged. "...saw the fetid masses filled with fear, for they were..."
The mummy is smitten by the wrath of Zin.
The mummy is heavily damaged.
The mummy closely misses you. The mummy hits you but does no damage.
The mummy hits you!
You slash the mummy!
You destroy the mummy!
Zin accepts your kill. "...impure and knew Zin's wrath would come for them."
You finish reciting Ablutions 3:34.
The mummy hits you!
* * * LOW HITPOINT WARNING * * *
The mummy closely misses you.
You are confused.
You feel invigorated.
You bump into the stone wall.
The mummy hits you!
You die...

#....#
#....#
#....#
#....#
#....#
#....#
#MM..#
#MMZ.#
#@M∩.#
######


You could see 5 mummies and an orc zombie.

Vanquished Creatures
  An ice beast (D:3)
  An orc wizard (D:3)
  2 mummies (Ossuary)
  2 adders
  3 dart slugs
  3 ribbon worms
  5 orcs (D:3)
  5 ball pythons
  4 bats
  8 endoplasms
  3 giant cockroaches
  A gnoll zombie (Ossuary)
  7 hobgoblins
  3 jackals (D:3)
  6 kobolds
  3 quokkas
  3 frilled lizards
  4 goblins
  2 kobold zombies (Ossuary)
  4 orc zombies (Ossuary)
  4 rats (D:2)
74 creatures vanquished.

Notes
Turn   | Place    | Note
-------+----------+-------------------------------------------
     0 | D:1      | Arcadio the Human Monk began the quest for the Orb.
     0 | D:1      | Reached XP level 1. HP: 18/18 MP: 1/1
    55 | D:1      | Reached XP level 2. HP: 24/24 MP: 2/2
   610 | D:2      | Reached XP level 3. HP: 29/29 MP: 3/3
   679 | D:2      | Found Onasch's Antique Weapon Boutique.
   767 | D:2      | Reached XP level 4. HP: 37/37 MP: 4/4
  1183 | D:3      | Found Zin's Purification Station.
  1184 | D:3      | Noticed an ice beast
  1197 | D:3      | Killed an ice beast
  1198 | D:3      | Reached XP level 5. HP: 40/42 MP: 5/5
  1199 | D:3      | Found a glowing silver altar of Zin.
  1205 | D:3      | Became a worshipper of Zin the Law-Giver
  1205 | D:3      | Reached * piety under Zin
  1205 | D:3      | Reached ** piety under Zin
  1253 | D:3      | Found a shadowy altar of Dithmenos.
  1300 | D:3      | Reached *** piety under Zin
  1395 | D:3      | Found The Oracle's Delphic Readings.
  1406 | D:3      | Bought a scroll of teleportation for 39 gold pieces
  1406 | D:3      | Bought a scroll of teleportation for 39 gold pieces
  1406 | D:3      | Bought a scroll of identify for 26 gold pieces
  1406 | D:3      | Bought a scroll of teleportation for 39 gold pieces
  1453 | D:3      | Found a white marble altar of Elyvilon.
  1612 | D:3      | Reached XP level 6. HP: 49/49 MP: 6/6
  1949 | D:4      | Found a sand-covered staircase.
  1958 | Ossuary  | Entered an ossuary
  1993 | Ossuary  | Slain by a mummy

Illustrated notes

Levels and vault maps discovered:
D:1:      sevenhm_arrival_forest_fort_small_6, layout_basic
D:2:      layout_rooms, serial_shops, nicolae_shop_trees
D:3:      layout_basic, mainiacjoe_overflow_brackets,
          mainiacjoe_overflow_concentric_impassable, zin_purify,
          nicolae_nh_oracle_at_delphi
D:4:      layout_rooms, gammafunk_ghost_stat_death,
          mainiacjoe_ossuary_entry_dusty_tomb
Ossuary:  ossuary_tomb_3

Skill      XL: |  1  2  3  4 |
---------------+-------------+-----
Fighting       | 4 |  4.6
Long Blades    | 4 |  4.5
Dodging        | 4 |  4.5
Armour         | |  0.2

Action                     |  1- 3 |  4- 6 || total
---------------------------+-------+-------++-------
  Melee: Falchion          |    88 |   102 ||   190
 Invoke: Recite            |       |     2 ||     2
    Use: Scroll            |       |     3 ||     3
         Potion            |       |     1 ||     1
 Armour: Scale mail        |    80 |    57 ||   137
  Dodge: Dodged            |    46 |    54 ||   100
